 Dungeon Crawl Stone Soup version 0.29-a0-234-g0dae59b3db (webtiles) character file.

Game seed: 8955653544007481620

8114 mopl the Thaumaturge (level 11, -1/68 HPs)
             Began as a Mummy Fire Elementalist on Mar 4, 2022.
             Was a Priest of Vehumet.
             Slain by a troll (4 damage)
             ... on level 9 of the Dungeon.
             The game lasted 00:28:12 (11400 turns).

mopl the Thaumaturge (Mummy Fire Elementalist)     Turns: 11400, Time: 00:28:12

Health: -1/68      AC:  7    Str: 11    XL:     11   Next: 5%
Magic:  25/34      EV: 12    Int: 19    God:    Vehumet [***...]
Gold:   610        SH:  0    Dex: 13    Spells: 11/30 levels left

rFire   x . .      SeeInvis .   a - staff of conjuration {!a}
rCold   + . .      Faith    .   (no shield)
rNeg    + + +      Spirit   .   w - +0 steam dragon scales
rPois   ∞          Reflect  .   (no helmet)
rElec   .          Harm     .   (no cloak)
rCorr   .          Rampage  .   s - +0 pair of gloves
Will    ++...                   j - +0 pair of boots
Stlth   ++........              B - amulet of regeneration
HPRegen 1.01/turn               e - ring of magical power
MPRegen 0.24/turn               r - ring of willpower

@: no status effects
A: cold resistance 1, negative energy resistance 3, torment resistance 2, heat
vulnerability 1, in touch with death 1, no potions
a: Renounce Religion


You were on level 9 of the Dungeon.
You worshipped Vehumet.
Vehumet was most pleased with you.
You visited 2 branches of the dungeon, and saw 10 of its levels.

You collected 610 gold pieces.

Inventory:

Hand Weapons
 z - a +1 whip of electrocution
 E - a +0 dagger of venom
 F - the +7 hand axe "Acugiut" {vamp, Dex+7}
   (You took it off a vampire on level 9 of the Dungeon)

   It occasionally heals its wielder for a portion of the damage dealt when it
   wounds a living foe.
   Dex:       It affects your dexterity (+7).
Missiles
 d - 8 boomerangs
 y - 20 poisoned darts
Armour
 j - a +0 pair of boots (worn)
 l - a +1 robe of willpower
 q - an orb of guile
 s - a +0 pair of gloves (worn)
 w - +0 steam dragon scales (worn)
 C - an orb of mayhem
Magical Staves
 a - a staff of conjuration (weapon) {!a}
 u - a staff of cold
 v - a staff of poison
 D - a staff of earth
Jewellery
 c - an amulet of the acrobat
 e - a ring of magical power (left hand)
 g - a +4 ring of protection
 r - a ring of willpower (right hand)
 B - an amulet of regeneration (around neck)
Wands
 m - a wand of iceblast (15)
 n - a wand of polymorph (21)
Scrolls
 b - 2 scrolls of magic mapping
 f - a scroll of vulnerability
 h - a scroll of blinking
 i - a scroll of teleportation
 k - 2 scrolls of enchant armour
 o - 2 scrolls of silence {!r}
 p - a scroll of fog
 x - a scroll of fear
 A - a scroll of acquirement {unknown}
Miscellaneous
 t - a condenser vane (inert)


   Skills:
 - Level 1.5 Dodging
 - Level 1.5 Stealth
 + Level 10.4 Spellcasting
 + Level 7.0 Conjurations
 - Level 3.0 Hexes
 + Level 3.1 Translocations
 + Level 7.6 Fire Magic
 + Level 0.0 Poison Magic
 + Level 5.8 Evocations


You had 11 spell levels left.
You knew the following spells:

 Your Spells              Type           Power      Damage    Failure   Level
a - Foxfire               Conj/Fire      100%       2x1d9     1%          1
b - Scorch                Fire           76%        2d8       1%          2
c - Inner Flame           Hex/Fire       30%        N/A       1%          3
d - Conjure Flame         Conj/Fire      54%        6-21      1%          3
e - Blink                 Tloc           44%        N/A       3%          2
o - Olgreb's Toxic Radia  Pois           9%         N/A       17%         4
w - Flame Wave            Conj/Fire      54%        2d11      1%          4

Your spell library contained the following spells:

 Spells                   Type           Power      Damage    Failure   Level
 Slow                     Hex            84%        N/A       1%          1
 Confusing Touch          Hex            21%        N/A       6%          3
 Gell's Gravitas          Tloc           22%        N/A       6%          3
 Lesser Beckoning         Tloc           22%        N/A       6%          3
 Teleport Other           Tloc           22%        N/A       6%          3
 Animate Skeleton         Necr           28%        N/A       7%          1
 Pain                     Necr           56%        1d6       7%          1
 Corpse Rot               Necr/Air       28%        N/A       11%         2
 Summon Guardian Golem    Hex/Summ       15%        N/A       12%         3
 Starburst                Conj/Fire      27%        6d9       14%         6
 Vampiric Draining        Necr           14%        2d7       22%         3
 Manifold Assault         Tloc           22%        N/A       47%         5
 Dispel Undead            Necr           14%        3d10      56%         4
 Orb of Destruction       Conj           26%        9d9       58%         7
 Spellforged Servitor     Conj/Summ      17%        N/A       96%         7
 Death Channel            Necr           7%         N/A       100%        6
 Fire Storm               Conj/Fire      27%        8d7       100%        9


Dungeon Overview and Level Annotations

Branches:
Dungeon (9/15)             Temple (1/1) D:4            Lair (0/6) D:9
    Orc: D:9-12

Altars:
Ashenzari
Cheibriados
Dithmenos
Elyvilon
Fedhas
Gozag
Hepliaklqana
Kikubaaqudgha
Makhleb
Nemelex Xobeh
Okawaru
Qazlal
Ru
Sif Muna
Trog
Uskayaw
Vehumet
Wu Jian
Xom
Yredelemnul
Zin
The Shining One

Shops:
D:9 *

Annotations:
D:7 2 transporters, robertstho's ghost, novice DjFE


Innate Abilities, Weirdness & Mutations

You are immune to poison.
Your flesh is cold resistant. (rC+)
You are immune to negative energy. (rN+++)
You are immune to unholy pain and torment.
You are vulnerable to heat. (rF-)
You are in touch with the powers of death.
You do not drink.


Message History

The troll bites you! The troll claws you.
The troll claws you but does no damage.
Casting: Scorch (safe; 1% risk of failure)
Confirm with . or Enter, or press ? or * to list all spells.
Flames lash the troll.
The troll is moderately wounded.
The troll's fire resistance burns away.
The troll bites you! The troll barely misses you. The troll claws you!
Unknown command.
Casting: Scorch (safe; 1% risk of failure)
Confirm with . or Enter, or press ? or * to list all spells.
Flames lash the hornet.
The hornet is moderately wounded.
The hornet's fire resistance burns away.
The troll closely misses you. The troll barely misses you. The troll claws you!
Unknown command.
Casting: Scorch (safe; 1% risk of failure)
Confirm with . or Enter, or press ? or * to list all spells.
Flames lash the troll.
The troll is burned terribly!
The troll is heavily wounded.
The troll barely misses you. The troll claws you but does no damage.
The troll closely misses you.
Unknown command.
Casting: Scorch (safe; 1% risk of failure)
Confirm with . or Enter, or press ? or * to list all spells.
Flames lash the troll.
The troll is burned terribly!
The troll is almost dead.
The troll bites you! The troll claws you!
* * * LOW HITPOINT WARNING * * *
The troll claws you but does no damage.
Casting: Scorch (safe; 1% risk of failure)
Confirm with . or Enter, or press ? or * to list all spells.
Flames lash the hornet.
The hornet is burned terribly!
The hornet is heavily wounded.
The troll bites you!
* * * LOW HITPOINT WARNING * * *
The troll claws you.
* * * LOW HITPOINT WARNING * * *
The troll claws you.
You die...

...## ##...#....(...'..## ...#
#...#........##### #..#
#..##........# # .## #####
##.####..##### .# ####...####
#.#####..##
.###.........###.#.......#
.......#+#†......#.......#######
####....########.......'.##...
#....##...@Ty.......#.##...
#....#..#####<.[....#.##..P
#....'.## #.......#..'P..
#....### #..))...###♣..P #....#
#.......##..... #....#
######'###.P... #....#
###)##....♣. ########'###
##...)....... .....###.#
#..###..P....


You could see a troll (combustible) and a hornet (combustible).

Vanquished Creatures
  A tengu warrior (D:9)
  A troll (D:8)
  A vampire (D:9)
  3 wyverns
  15 yaks
  A basilisk (D:9)
  2 steam dragons
  3 acid dragons
  5 water moccasins
  7 orc warriors
  An ice beast (D:8)
  A black bear (D:7)
  3 ogres
  A boggart (D:9)
  A centaur (D:8)
  A phantom (D:4)
  A kobold brigand (D:6)
  A gnoll sergeant (D:9)
  4 bullfrogs
  3 scorpions
  4 wights
  6 killer bees (D:8)
  A crimson imp (D:8)
  4 hounds
  A jelly (D:4)
  3 orc priests (D:7)
  Jessica (D:2)
  13 orc wizards
  4 iguanas
  8 gnolls
  5 adders
  2 shadow imps
  3 white imps (D:6)
  An ufetubus (D:5)
  4 dart slugs
  36 orcs
  4 ball pythons
  3 bats
  6 endoplasms
  4 giant cockroaches
  10 hobgoblins
  28 kobolds
  3 quokkas
  14 frilled lizards
  8 goblins
  5 rats
237 creatures vanquished.

Vanquished Creatures (others)
  2 giant cockroaches (D:4)
  315 foxfires
  32 plants
349 creatures vanquished.

Grand Total: 586 creatures vanquished

Notes
Turn   | Place    | Note
-------+----------+-------------------------------------------
     0 | D:1      | mopl the Mummy Fire Elementalist began the quest for the
                  | Orb.
     0 | D:1      | Reached XP level 1. HP: 13/13 MP: 4/4
   280 | D:1      | Reached skill level 1 in Conjurations
   374 | D:1      | Found a faded altar of an unknown god.
   420 | D:1      | Reached skill level 3 in Spellcasting
   615 | D:1      | Reached XP level 2. HP: 16/19 MP: 6/6
   654 | D:1      | Learned a level 2 spell: Scorch
  1457 | D:2      | Got the Catalogue of the Blaze
  1515 | D:2      | Gained mutation: You are in touch with the powers of death.
                  | [Mummy growth]
  1515 | D:2      | Reached XP level 3. HP: 24/24 MP: 7/7
  1741 | D:2      | Learned a level 3 spell: Inner Flame
  1912 | D:2      | Noticed Jessica
  1918 | D:2      | Killed Jessica
  1919 | D:2      | Reached skill level 3 in Fire Magic
  2033 | D:2      | Reached XP level 4. HP: 30/30 MP: 9/9
  2418 | D:3      | Reached skill level 4 in Spellcasting
  2418 | D:3      | Reached skill level 2 in Conjurations
  2418 | D:3      | Reached skill level 1 in Hexes
  2924 | D:4      | Noticed a phantom
  2925 | D:4      | Found a shimmering altar of Xom.
  2932 | D:4      | Reached XP level 5. HP: 29/35 MP: 11/11
  2950 | D:4      | Killed a phantom
  3148 | D:4      | Noticed an ogre
  3154 | D:4      | Killed an ogre
  3155 | D:4      | Reached skill level 2 in Hexes
  3155 | D:4      | Reached XP level 6. HP: 6/41 MP: 11/13
  3619 | D:4      | Reached skill level 5 in Spellcasting
  3954 | D:4      | Found a blossoming altar of Fedhas.
  4136 | D:4      | Found a staircase to the Ecumenical Temple.
  4142 | Temple   | Entered the Ecumenical Temple
  4432 | D:5      | Entered Level 5 of the Dungeon
  4470 | D:5      | Reached skill level 3 in Conjurations
  4583 | D:5      | Reached skill level 4 in Fire Magic
  4583 | D:5      | Reached XP level 7. HP: 35/46 MP: 10/14
  4655 | D:5      | Found a radiant altar of Vehumet.
  4663 | D:5      | Became a worshipper of Vehumet
  4723 | D:5      | Reached skill level 3 in Hexes
  5199 | D:6      | Reached skill level 6 in Spellcasting
  5200 | D:6      | Found an iron altar of Okawaru.
  5319 | D:6      | Noticed a steam dragon
  5326 | D:6      | Reached skill level 1 in Evocations
  5330 | D:6      | Killed a steam dragon
  5331 | D:6      | Reached skill level 4 in Conjurations
  5331 | D:6      | Reached XP level 8. HP: 33/52 MP: 8/17
  5799 | D:6      | Reached * piety under Vehumet
  5799 | D:6      | Offered knowledge of Freeze by Vehumet.
  5827 | D:6      | Reached skill level 5 in Fire Magic
  6314 | D:7      | Reached skill level 2 in Evocations
  6562 | D:7      | Reached skill level 7 in Spellcasting
  6730 | D:7      | Learned a level 3 spell: Conjure Flame
  6735 | D:7      | Learned a level 4 spell: Flame Wave
  6750 | D:7      | Reached skill level 3 in Evocations
  6812 | D:7      | Found a shimmering blue altar of Sif Muna.
  6822 | D:7      | Reached XP level 9. HP: 46/57 MP: 12/20
  7156 | D:7      | Reached skill level 5 in Conjurations
  7249 | D:7      | Identified the amulet "Ahis" {Spirit rElec Dex+5}
  7300 | D:7      | Offered knowledge of Static Discharge by Vehumet.
  7303 | D:7      | Reached ** piety under Vehumet
  7351 | D:7      | Found a transporter.
  7351 | D:7      | Found a transporter.
  7363 | D:7      | Identified the +1 scale mail of the Garden {rC+ rN+}
  7393 | D:7      | Noticed robertstho's ghost (novice DjFE)
  7814 | D:8      | Reached skill level 8 in Spellcasting
  8086 | D:8      | Reached skill level 6 in Fire Magic
  8225 | D:8      | Reached skill level 4 in Evocations
  8231 | D:8      | Reached skill level 9 in Spellcasting
  8249 | D:8      | Reached skill level 6 in Conjurations
  8482 | D:8      | Offered knowledge of Poisonous Vapours by Vehumet.
  8631 | D:8      | Reached XP level 10. HP: 63/63 MP: 13/23
  9023 | D:8      | Found a burning altar of Makhleb.
  9635 | D:9      | Learned a level 2 spell: Blink
  9714 | D:9      | Found a staircase to the Lair.
  9891 | D:8      | Reached skill level 1 in Translocations
  9935 | D:8      | Reached skill level 5 in Evocations
 10015 | D:9      | Reached skill level 7 in Fire Magic
 10102 | D:9      | Reached *** piety under Vehumet
 10107 | D:9      | Reached skill level 2 in Translocations
 10455 | D:9      | Found Zin's Purification Station.
 10589 | D:9      | Reached skill level 10 in Spellcasting
 10943 | D:9      | Noticed a tengu warrior
 10948 | D:9      | Killed a tengu warrior
 10949 | D:9      | Reached skill level 7 in Conjurations
 10949 | D:9      | Reached skill level 3 in Translocations
 10949 | D:9      | Reached XP level 11. HP: 38/68 MP: 11/25
 11127 | D:9      | Identified the +7 hand axe "Acugiut" {vamp, Dex+7}
 11128 | D:9      | Noticed a green ugly thing
 11245 | D:9      | Offered knowledge of Olgreb's Toxic Radiance by Vehumet.
 11337 | D:9      | Learned a level 4 spell: Olgreb's Toxic Radiance
 11400 | D:9      | HP: 3/68 [troll (6)]
 11400 | D:9      | Slain by a troll

Illustrated notes

Levels and vault maps discovered:
D:1:      denvon_arrival_planthouse, layout_loops_corners,
          hellmonk_ecumenical_altar_arch_garden, minmay_misc_feat_rugged,
          minmay_lizard_king
D:2:      minmay_wonky_spiral, layout_basic,
          nicolae_concentric_dashed_squares_mild, minmay_misc_feat_rows,
          chequers_serial_rivers_small_3, uniq_jessica
D:3:      layout_loops_cross, minmay_unequal
D:4:      layout_basic, general_overflow_altar, xom_confusion_cloud,
          minmay_temple_entry_fiery, minmay_cupped
D:5:      layout_rooms, mainiacjoe_overflow_boulevard, amethyst_killhole,
          minmay_tree_intersection
D:6:      kennysheep_kobold_camp, layout_basic, mainiacjoe_overflow_alcove_1,
          dk_noncrumbling_4, grunt_ministairs_3
D:7:      layout_basic, kennysheep_orc_sif_temple, gammafunk_ghost_gnarly_gnolls
D:8:      layout_layer_cave, makhleb_grotto_becter, tso_metal_star,
          hangedman_decor_push, nicolae_figureground_pulse
D:9:      layout_roguey, zin_purify, minmay_lair_entry_grove,
          minmay_pinched_square
Temple:   minmay_temple_curvy_branch

Skill      XL: |  1  2  3  4  5  6  7  8  9 10 |
---------------+-------------------------------+-----
Conjurations   | 1 2 3 4 6 7 |  7.0
Spellcasting   | 3 4 5 6 7 9 10 | 10.4
Fire Magic     | 3 4 5 6 7 |  7.6
Hexes          | 1 2 3 |  3.0
Evocations     | 1 3 4 5 |  5.8
Translocations | 3 |  3.1
Dodging        | |  1.5
Stealth        | |  1.5

Action                   |  1- 3 |  4- 6 |  7- 9 | 10-12 || total
-------------------------+-------+-------+-------+-------++-------
Melee: Dagger            |    19 |       |       |       ||    19
       Unarmed           |     1 |       |       |       ||     1
       Quarterstaff      |     5 |    53 |       |       ||    58
       Whip              |       |       |       |    55 ||    55
       Punch             |       |       |       |     2 ||     2
 Cast: Foxfire           |    40 |    77 |    74 |     7 ||   198
       Scorch            |     3 |    30 |   144 |   111 ||   288
       Inner Flame       |       |       |    13 |     4 ||    17
       Conjure Flame     |       |       |     4 |     9 ||    13
       Flame Wave        |       |       |       |     4 ||     4
Evoke: Condenser vane    |       |       |     1 |     1 ||     2
  Use: Scroll            |     4 |     4 |     2 |     1 ||    11
 Stab: Sleeping          |     1 |     2 |       |       ||     3
Armor: Robe              |    14 |    54 |     5 |       ||    73
       Steam dragon scal |       |       |    28 |    67 ||    95
Dodge: Dodged            |    38 |    88 |    44 |    77 ||   247

Table legend: (Time is in decaauts)
 A = Elapsed time spent in this place.
 B = Non-inter-level travel time spent in this place.
 C = Inter-level travel time spent in this place.
 D = Time resting spent in this place.
 E = Time spent auto-exploring this place.
 F = Levels seen in this place.
 G = Mean time per level.
                   A        B        C        D        E       F      G
               +--------+--------+--------+--------+--------+-----+--------+
         Total |  11433 |  11052 |    381 |   3181 |   5679 |  10 | 1143.3 |
       Dungeon |  11183 |  10807 |    376 |   3181 |   5435 |   9 | 1242.6 |
        Temple |    249 |    245 |      4 |      0 |    244 |   1 |  249.0 |
               +--------+--------+--------+--------+--------+-----+--------+

Top non-repeatable levels by time:
     D:8: 2176 daAuts
     D:9: 1592 daAuts
     D:1: 1414 daAuts
     D:6: 1391 daAuts
     D:4: 1302 daAuts
     D:7: 1235 daAuts
     D:2: 835 daAuts
     D:3: 650 daAuts
     D:5: 584 daAuts
  Temple: 249 daAuts
